 Dungeon Crawl Stone Soup version 0.18.1-48-g4cf74bf (webtiles) character file.

82 Alarkh the Poker (level 4, 0/33 HPs)
             Began as a Mummy Skald on July 31, 2016.
             Killed from afar by Sigmund (9 damage)
             ... with a puff of flame
             ... on level 2 of the Dungeon.
             The game lasted 00:04:02 (2916 turns).

Alarkh the Poker (Mummy Skald)                      Turns: 2916, Time: 00:04:03

Health: 0/33       AC:  3    Str: 15    XL:     4   Next: 21%
Magic:  3/7        EV: 11    Int: 12    God:
Gold:   57         SH:  0    Dex: 11    Spells: 3 memorised, 1 level left

rFire  x . .     SeeInvis .     a - +0 spear
rCold  + . .     Gourm    .     b - +0 leather armour
rNeg   + + +     Faith    .     (no shield)
rPois  ∞         Spirit   .     (no helmet)
rElec  .         Dismiss  .     (no cloak)
rCorr  .         Reflect  .     (no gloves)
SustAt .         Harm     .     (no boots)
MR     .....                    (no amulet)
Stlth  +.........               (no ring)
                                (no ring)

@: very slightly contaminated, not resistant to hostile enchantments, very
unstealthy
A: no food or potions, fire vulnerability, cold resistance 1, negative energy
resistance 3, torment resistance, unbreathing
a: no special abilities


You were on level 2 of the Dungeon.
You were not hungry.

You visited 1 branch of the dungeon, and saw 2 of its levels.

You collected 57 gold pieces.

Inventory:

Hand Weapons
 a - a +0 spear (weapon)
Armour
 b - a +0 leather armour (worn)
Scrolls
 d - 3 scrolls of recharging {unknown}
 e - 2 scrolls of identify {unknown}
 f - a scroll of remove curse {unknown}
Books
 c - a book of Battle

   Spells                             Type                      Level
   a - Infusion                       Charms                       1
   b - Shroud of Golubria             Charms/Translocation         2
   c - Song of Slaying                Charms                       2
   d - Spectral Weapon                Hexes/Charms                 3
   e - Regeneration                   Charms/Necromancy            3


   Skills:
 - Level 2.0 Fighting
 + Level 3.7 Polearms
 - Level 0.7 Armour
 - Level 0.7 Dodging
 - Level 2.0 Spellcasting
 - Level 2.4 Charms


You had one spell level left.
You knew the following spells:

 Your Spells              Type           Power        Failure   Level  Hunger
a - Infusion              Chrm           #...         14%         1    N/A
b - Shroud of Golubria    Chrm/Tloc      #.........   34%         2    N/A
c - Spectral Weapon       Hex/Chrm       #.......     69%         3    N/A

Dungeon Overview and Level Annotations

Branches:
Dungeon (2/15)

Altars:
Cheibriados

Annotations:
D:2 Sigmund


Innate Abilities, Weirdness & Mutations

You do not eat or drink.
Your flesh is vulnerable to fire.
You are immune to poison.
Your flesh is cold resistant.
You are immune to negative energy.
You are immune to unholy pain and torment.
You can survive without breathing.


Message History

Sigmund hits you from afar with a scythe!
Your shroud falls apart!
Sigmund barely misses you.
You climb upwards.
There is a stone staircase leading down here.
You climb downwards.
Level annotation: Sigmund Sigmund casts a spell.
Sigmund flickers and vanishes!
There is a stone staircase leading up here.
Something barely misses you.
You see here a dagger.
Something hits you.
* * * LOW HITPOINT WARNING * * *
You hit something but do no damage. You hit something.
You hear some strange, mumbled words.
A puff of flame appears from out of thin air!
The puff of flame hits you! The fire burns you terribly!
You die...

#########........#
##########........#
#.......#.†......!#
#.#####÷#...#.....#
#.#####<#...g##.###
#....##.#.##.##.#
####.#....#(..#g#
### #.######.###.#
#.. #....# #.{@#@#
##.##### ####.#
#.#.#.# #......#
#.#####)#.###......#
#......<#...g()....#
#############(#....#
#.(@##.# ###.#
#....# ...###


There were no monsters in sight!

Vanquished Creatures
  3 gnolls
  2 dart slugs (D:1)
  2 giant geckos (D:1)
  6 giant cockroaches
  4 goblins (D:1)
  6 hobgoblins
  6 jackals (D:1)
  2 bats (D:1)
  2 giant newts (D:1)
  7 kobolds
  5 rats
45 creatures vanquished.

Vanquished Creatures (others)
  A spectral weapon (D:2)
1 creature vanquished.

Grand Total: 46 creatures vanquished

Notes
Turn   | Place    | Note
--------------------------------------------------------------
     0 | D:1      | Alarkh the Mummy Skald began the quest for the Orb.
     0 | D:1      | Reached XP level 1. HP: 16/16 MP: 3/3
    86 | D:1      | Reached skill level 2 in Polearms
   265 | D:1      | Reached XP level 2. HP: 19/22 MP: 5/5
   692 | D:1      | Reached XP level 3. HP: 25/27 MP: 1/6
   758 | D:1      | Reached skill level 3 in Polearms
   773 | D:1      | Found a snail-covered altar of Cheibriados.
  1276 | D:1      | Learned a level 2 spell: Shroud of Golubria
  1280 | D:1      | Learned a level 3 spell: Spectral Weapon
  1602 | D:2      | Reached XP level 4. HP: 15/33 MP: 2/7
  1704 | D:2      | Noticed Sigmund
  2916 | D:2      | Killed from afar by Sigmund

Skill      XL: |  1  2  3 |
---------------+----------+-----
Polearms       | 2 3 |  3.7
Fighting       | |  2.0
Armour         | |  0.7
Dodging        | |  0.7
Spellcasting   | |  2.0
Charms         | |  2.4

Action                   |  1- 3 |  4- 6 || total
-------------------------+-------+-------++-------
Melee: Spear             |   113 |    43 ||   156
 Cast: Infusion          |    22 |     4 ||    26
       Shroud of Golubri |       |     6 ||     6
       Spectral Weapon   |       |     2 ||     2
 Stab: Distracted        |     1 |       ||     1
Armor: Leather armour    |    25 |     5 ||    30
Dodge: Dodged            |    60 |    18 ||    78
